 Dungeon Crawl Stone Soup version 0.19.5 (webtiles) character file.

135 inmateoo the Chopper (level 5, -4/48 HPs)
             Began as a Tengu Wanderer on Mar 21, 2017.
             Killed by divine providence
             ... invoked by an orc priest
              (15 damage)
             ... on level 3 of the Dungeon.
             The game lasted 00:04:09 (2842 turns).

inmateoo the Chopper (Tengu Wanderer)               Turns: 2842, Time: 00:04:09

Health: -4/48      AC: 22    Str: 16    XL:     5   Next: 18%
Magic:  9/9        EV:  2    Int: 11    God:
Gold:   133        SH:  0    Dex: 12    Spells: 0 memorised, 8 levels left

rFire  . . .     SeeInvis .     a - +2 hand axe
rCold  . . .     Gourm    +     (armour currently unavailable)
rNeg   + + +     Faith    .     (no shield)
rPois  +         Spirit   .     (helmet currently unavailable)
rElec  .         Reflect  .     (cloak currently unavailable)
rCorr  .         Harm     .     (gloves currently unavailable)
MR     .....     NoTele   +     (boots unavailable)
Stlth  ++........               t - amulet of the gourmand
                                (no ring)
                                (no ring)

@: tree-form
A: (beak), (talons 0), able to fly 1
a: Fly


You were on level 3 of the Dungeon.
You were not hungry.
You were a tree.
You visited 1 branch of the dungeon, and saw 3 of its levels.

You collected 133 gold pieces.

Inventory:

Hand Weapons
 a - a +2 hand axe (weapon)
 u - a cursed -2 war axe
Armour
 j - a +2 cloak (melded)
 n - a +0 scale mail (melded)
Jewellery
 t - an amulet of the gourmand (around neck)
Wands
 k - a wand of lightning (4/15)
Potions
 d - 2 potions of ambrosia
 h - a potion of heal wounds {unknown}
 i - 2 potions of degeneration {unknown}
 p - 2 potions of cure mutation {unknown}
Books
 b - the Volume of Poison

   Spells                             Type                      Level
   a - Sting                          Conjuration/Poison           1
   b - Spider Form                    Transmutation/Poison         3
Comestibles
 f - 3 bread rations
 g - a beef jerky
 l - a fruit
 m - a slice of pizza
 o - 3 meat rations
 q - 2 chunks of flesh


   Skills:
 + Level 2.8 Fighting
 * Level 3.6 Axes
 - Level 1.0 Throwing
 + Level 2.5 Armour
 - Level 1.0 Stealth
 - Level 2.0 Spellcasting
   Level 2.1 Fire Magic
   Level 1.0 Poison Magic


You had 8 spell levels left.
You didn't know any spells.

Dungeon Overview and Level Annotations

Branches:
Dungeon (3/15)

Altars:
Dithmenos

Annotations:
D:3 dxctxrx's ghost, amateur DsGl


Innate Abilities, Weirdness & Mutations

((You have a beak for a mouth.))
((You have claws for feet.))
You can fly.


Message History

The orc priest is lightly wounded.
You hit the orc wizard.
The orc wizard hits you but does no damage.
The orc priest hits you but does no damage.
The orc priest miscasts a cantrip.
The orc priest moves out of view.
The orc wizard hits you but does no damage.
You hit the orc priest but do no damage.
The orc priest is lightly wounded.
You closely miss the orc wizard. The orc priest completely misses you.
The orc wizard hits you but does no damage.
Unknown command.
You barely miss the orc priest.
The orc priest is lightly wounded.
You barely miss the orc wizard.
The orc priest hits you but does no damage.
The orc wizard hits you but does no damage.
The orc priest calls down the wrath of Beogh upon you.
Beogh smites you!
You die...

....#...##.....#
........##..#..#
##....#.###....#
o...###.##..##o#
l.......##..##.###
#####...o...##...########
#......#####.o......#
#......######o....".#
#.........†.♣o......#
#####......#####.)......#
#..........# ##.......#
).###......# #.......#
### #......# #.......#
#......# #########
#......# ########


You could see 2 orc priests and an orc wizard.

Vanquished Creatures
  An orc wizard (D:3)
  4 adders (D:2)
  4 leopard geckos
  7 orcs
  3 giant cockroaches
  11 goblins
  5 hobgoblins
  2 jackals (D:1)
  7 kobolds
  6 bats
  4 frilled lizards
  9 rats
63 creatures vanquished.

Notes
Turn   | Place    | Note
-------+----------+-------------------------------------------
     0 | D:1      | inmateoo the Tengu Wanderer began the quest for the Orb.
     0 | D:1      | inmateoo set off with: a +2 hand axe, the Volume of Poison, a potion of lignification, a +0 robe, a bread ration
     0 | D:1      | Reached XP level 1. HP: 12/12 MP: 4/4
   360 | D:1      | Reached XP level 2. HP: 5/16 MP: 6/6
   772 | D:1      | Reached skill level 2 in Axes
   979 | D:1      | Reached XP level 3. HP: 21/21 MP: 7/7
  1540 | D:2      | Reached XP level 4. HP: 25/26 MP: 8/8
  1687 | D:2      | Found a shadowy altar of Dithmenos.
  1965 | D:2      | Reached skill level 3 in Axes
  2022 | D:3      | Noticed dxctxrx's ghost (amateur DsGl)
  2767 | D:3      | Identified the Volume of Poison
  2833 | D:3      | Gained mutation: You can fly. [Tengu growth]
  2833 | D:3      | Reached XP level 5. HP: 28/32 MP: 9/9
  2842 | D:3      | Killed from afar by an orc priest

Skill      XL: |  1  2  3  4 |
---------------+-------------+-----
Axes           | 2 3 |  3.6
Fighting       | 2 |  2.8
Armour         | 2 |  2.5
Throwing       | |  1.0
Stealth        | |  1.0
Spellcasting   | |  2.0
Fire Magic     | |  2.1
Poison Magic   | |  1.0

Action                   |  1- 3 |  4- 6 || total
-------------------------+-------+-------++-------
Melee: Hand axe          |    58 |    79 ||   137
       Kick              |     8 |    19 ||    27
       Peck              |     2 |     5 ||     7
Evoke: Wand              |     2 |     1 ||     3
  Use: Scroll            |       |     6 ||     6
       Potion            |       |     1 ||     1
  Eat: Chunk             |     2 |     2 ||     4
       Fruit             |       |     2 ||     2
Armor: Ring mail         |    22 |    16 ||    38
       Robe              |     5 |       ||     5
       Scale mail        |       |    11 ||    11
       Skin              |       |     5 ||     5
Dodge: Dodged            |    32 |    37 ||    69
